 Dungeon Crawl Stone Soup version 0.18-a0-183-gad09a0e (webtiles) character file.

209 4thArraOfDagon the Chopper (level 5, -2/47 HPs)
             Began as a Minotaur Berserker on Nov 23, 2015.
             Was a Believer of Trog.
             Slain by a scorpion (5 damage)
             ... while paralysed
             ... on level 4 of the Dungeon.
             The game lasted 00:04:19 (778 turns).

4thArraOfDagon the Chopper (Minotaur Berserker)      Turns: 778, Time: 00:04:19

Health: -2/47      AC:  9    Str: 21    XL:     5   Next: 55%
Magic:  4/4        EV:  2    Int: -1 (1) God:    Trog [**....]
Gold:   91         SH:  0    Dex: 15    Spells: 0 memorised, 4 levels left

rFire  + . .     SeeInvis .     n - +9 long sword "Cikke" {freeze, rElec rF+ Int-4 Dex+5}
rCold  + . .     Clarity  .     k - +0 chain mail
rNeg   . . .     SustAt   .     (no shield)
rPois  .         Gourm    .     (helmet restricted)
rElec  +         Spirit   .     (no cloak)
rCorr  .         Warding  .     (no gloves)
rMut   .         Stasis   .     (no boots)
MR     .....                    (no amulet)
Stlth  ..........               (no ring)
                                b - ring of protection from cold

@: paralysed, lethally poisoned (-2 -> -28), slowed, lost intelligence, not
resistant to hostile enchantments, extremely unstealthy
A: retaliatory headbutt, horns 2
a: Berserk, Trog's Hand, Burn Spellbooks, Renounce Religion


You were on level 4 of the Dungeon.
You worshipped Trog.
Trog was pleased with you.
You were very hungry.

You visited 1 branch of the dungeon, and saw 4 of its levels.
You also visited: Sewer.

You collected 91 gold pieces.

Inventory:

Hand Weapons
 a - a +0 hand axe
 n - the +9 long sword "Cikke" (weapon) {freeze, rElec rF+ Int-4 Dex+5}
   (You found it on level 4 of the Dungeon)

   It has been specially enchanted to freeze those struck by it, causing extra
   injury to most foes and up to half again as much damage against particularly
   susceptible opponents.
   It can also slow down cold-blooded creatures.
   It affects your intelligence (-4).
   It affects your dexterity (+5).
   It protects you from fire.
   It insulates you from electricity.
Armour
 k - a +0 chain mail (worn)
Jewellery
 b - a ring of protection from cold (left hand)
Wands
 m - a wand of cold (3)
Scrolls
 d - a scroll of recharging {unknown}
 e - a scroll of magic mapping {unknown}
 f - a scroll of blinking {unknown}
 g - a scroll of teleportation {unknown}
 h - 2 scrolls of remove curse {unknown}
 j - a scroll of noise {unknown}
Potions
 i - a potion of agility {unknown}
 l - a potion of degeneration
Books
 o - a book of Unlife

   Spells                             Type                      Level
   a - Recall                         Summoning/Translocation      3
   b - Animate Dead                   Necromancy                   4
   c - Control Undead                 Necromancy                   4
   d - Cigotuvi's Embrace             Necromancy                   5
   e - Death Channel                  Necromancy                   6
   f - Simulacrum                     Ice/Necromancy               6
   Trog disapproves of the use of such an item.
Comestibles
 c - 4 bread rations


   Skills:
 + Level 4.8 Fighting
 * Level 1.0 Long Blades
 - Level 5.9 Axes
 + Level 4.0 Armour
 - Level 2.1 Dodging


You had 4 spell levels left.
You didn't know any spells.

Dungeon Overview and Level Annotations

Branches:
Dungeon (4/15)             Temple (0/1) D:4

Altars:
Qazlal


Innate Abilities, Weirdness & Mutations

You reflexively headbutt those who attack you in melee.
You have a pair of horns on your head.


Message History

The scorpion poisons you!
You barely miss the scorpion. You headbutt the scorpion.
The scorpion is almost dead.
You feel sick.
The scorpion stings you but does no damage.
You closely miss the scorpion. You headbutt the scorpion.
The scorpion is almost dead.
* * * LOW HITPOINT WARNING * * *
You feel sick. The scorpion stings you!
* * * LOW HITPOINT WARNING * * *
You are more poisoned.
The scorpion poisons you!
Drink which item? (? for menu, Esc to quit)
It was a potion of degeneration.
There was something very wrong with that liquid.
You feel dopey.
You have lost your intelligence.
* * * LOW HITPOINT WARNING * * *
You feel very sick. The scorpion stings you.
You die...

................#######'
................#.......
................#.......
................#.......
................#.......
................#...##.)
#########'#.....#... ###
......s...#.....#.. ...
.......@..#.....# ...
..........#.....# ...
..........# ....# ..<
...!......# ...
##+###....# ... #....#
... .....# .....#


You could see a scorpion.

Vanquished Creatures
  Purgy (Sewer)
  An orc wizard (D:3)
  A worker ant (D:4)
  An ooze (D:2)
  A worm (D:2)
  5 giant geckos (D:4)
  7 orcs (D:3)
  3 ball pythons (D:2)
  8 giant cockroaches
  2 goblins
  2 hobgoblins (D:2)
  2 jackals (D:2)
  3 kobolds
  4 bats
  3 giant newts (D:2)
  A quokka (D:3)
  A rat (D:2)
46 creatures vanquished.

Notes
Turn   | Place    | Note
--------------------------------------------------------------
     0 | D:1      | 4thArraOfDagon the Minotaur Berserker began the quest for the Orb.
     0 | D:1      | Reached XP level 1. HP: 19/19 MP: 0/0
   134 | D:2      | Reached skill level 4 in Axes
   136 | D:2      | Reached XP level 2. HP: 26/27 MP: 1/1
   259 | D:2      | Reached ** piety under Trog
   297 | D:2      | Found a stormy altar of Qazlal.
   360 | D:3      | Reached XP level 3. HP: 25/33 MP: 2/2
   426 | D:3      | Reached skill level 5 in Axes
   426 | D:3      | Reached XP level 4. HP: 26/40 MP: 3/3
   497 | D:4      | Found a glowing drain.
   522 | Sewer    | Entered a sewer
   594 | Sewer    | Noticed Purgy
   607 | Sewer    | Killed Purgy
   607 | Sewer    | Reached XP level 5. HP: 32/47 MP: 4/4
   700 | D:4      | Found a staircase to the Ecumenical Temple.
   707 | D:4      | Got a dazzling long sword
   724 | D:4      | Identified the +9 long sword "Cikke" {freeze, rElec rF+ Int-4 Dex+5} (You found it on level 4 of the Dungeon)
   758 | D:4      | Reached skill level 1 in Long Blades
   778 | D:4      | Lost intelligence.
   778 | D:4      | Slain by a scorpion

Vault maps used:
D:1:      scummos_arrival_simple_crosswalls
D:2:      kennysheep_small_spiral, grunt_ministairs_11, grunt_qazlal_clouds
D:4:      minmay_temple_entry_enclosed_plants, gup_sewer_entry_pipe, first_bread
Sewer:    kennysheep_door_sewer

Action                   |  1- 3 |  4- 6 || total
-------------------------+-------+-------++-------
Melee: Hand axe          |    39 |    40 ||    79
       Long sword        |       |    16 ||    16
Invok: Berserk           |     4 |     1 ||     5
  Use: Potion            |       |     1 ||     1
  Eat: Chunk             |     2 |     2 ||     4
